 Dungeon Crawl Stone Soup version 0.22-a0-580-gd5db89c (webtiles) character file.

116 galech the Skirmisher (level 5, -5/57 HPs)
             Began as an Ogre Berserker on July 2, 2018.
             Was a Believer of Trog.
             Slain by an orc priest
             ... wielding a +0 trident
              (7 damage)
             ... on level 4 of the Dungeon.
             The game lasted 00:01:11 (814 turns).

galech the Skirmisher (Ogre Berserker)               Turns: 814, Time: 00:01:12

Health: -5/57      AC:  3    Str: 22    XL:     5   Next: 0%
Magic:  5/5        EV: 10    Int:  8    God:    Trog [**....]
Gold:   26         SH:  0    Dex:  8    Spells: 4/4 levels left

rFire    . . .     SeeInvis .   a - +0 mace
rCold    . . .     Gourm    .   (no shield)
rNeg     . . .     Faith    .   b - +0 animal skin
rPois    .         Spirit   .   (helmet restricted)
rElec    .         Reflect  .   (no cloak)
rCorr    .         Harm     .   (gloves unavailable)
MR       .....                  (boots unavailable)
Stlth    +.........             (no amulet)
HPRegen  0.19/turn              (no ring)
MPRegen  0.09/turn              (no ring)

@: berserk cooldown, slowed, very slow
A: large, unfitting armour, tough skin 1
a: Berserk, Trog's Hand, Renounce Religion


You were on level 4 of the Dungeon.
You worshipped Trog.
Trog was pleased with you.
You were very hungry.

You visited 1 branch of the dungeon, and saw 3 of its levels.

You collected 26 gold pieces.

Inventory:

Hand Weapons
 a - a +0 mace (weapon)
Armour
 b - a +0 animal skin (worn)
Scrolls
 d - 2 scrolls of teleportation {unknown}
 e - 2 scrolls of identify {unknown}
 f - a scroll of amnesia {unknown}
Comestibles
 c - 2 rations
 g - a chunk of flesh


   Skills:
 + Level 5.0 Fighting
 + Level 3.7 Maces & Flails
 + Level 3.5 Dodging
 + Level 0.3 Stealth


You had 4 spell levels left.
You didn't know any spells.
Your spell library was empty.

Dungeon Overview and Level Annotations

Branches:
Dungeon (2/15)

Altars:


Innate Abilities, Weirdness & Mutations

You are too large for most types of armour.
You have tough skin. (AC +1)


Message History

You are feeling very hungry.
The orc priest hits you but does no damage.
The orc priest closely misses you. The orc hits you with a club.
* * * LOW HITPOINT WARNING * * *
The orc priest hits you from afar with a trident.
* * * LOW HITPOINT WARNING * * *
The orc priest mumbles some strange prayers to Beogh against you.
You resist with almost no effort. The orc closely misses you.
You closely miss the orc priest.
The orc priest is moderately wounded.
Your skin stops crawling.
You feel less resistant to hostile enchantments.
The orc priest barely misses you.
The orc priest hits you from afar with a trident!
* * * LOW HITPOINT WARNING * * *
The orc hits you but does no damage.
You closely miss the orc priest.
The orc priest is moderately wounded.
The orc priest hits you from afar with a trident!
You die...

# ## #! ..#
##.## #..##
.....# #.....
......###.....#
.......oo......
......(@#..##..
.....##()o.....
... ##.....[# .
#.#..## ......
.#.... #....
... .#


You could see 2 orc priests and an orc.

Vanquished Creatures
  An ogre (D:4)
  A leopard gecko (D:1)
  2 orcs (D:4)
  3 bats (D:1)
  9 goblins (D:1)
  A hobgoblin (D:1)
  4 kobolds (D:1)
  A frilled lizard (D:1)
  4 rats (D:1)
26 creatures vanquished.

Notes
Turn   | Place    | Note
-------+----------+-------------------------------------------
     0 | D:1      | galech the Ogre Berserker began the quest for the Orb.
     0 | D:1      | Reached XP level 1. HP: 24/24 MP: 1/1
   115 | D:1      | Reached XP level 2. HP: 22/32 MP: 2/2
   567 | D:1      | Reached XP level 3. HP: 37/40 MP: 3/3
   571 | D:1      | Reached ** piety under Trog
   798 | D:2      | You fall through a shaft for 2 floors!
   798 | D:4      | Noticed an ogre
   805 | D:4      | Killed an ogre
   805 | D:4      | Reached skill level 5 in Fighting
   805 | D:4      | Reached XP level 4. HP: 50/50 MP: 4/4
   806 | D:4      | Reached XP level 5. HP: 57/57 MP: 5/5
   813 | D:4      | HP: 2/57 [orc priest/trident (8)]
   814 | D:4      | Slain by an orc priest

Vault maps used:
D:1:      minmay_arrival_four_circles
D:4:      marbit_many_paths, minmay_misc_feat_doors, grunt_ministairs_4

Skill      XL: |  1  2  3 |
---------------+----------+-----
Maces & Flails | 3 |  3.7
Dodging        | 3 |  3.5
Fighting       | 5 |  5.0
Stealth        | |  0.3

Action                   |  1- 3 |  4- 6 || total
-------------------------+-------+-------++-------
Melee: Mace              |    65 |     9 ||    74
Invok: Berserk           |     1 |       ||     1
       Trog's Hand       |     1 |       ||     1
 Stab: Sleeping          |     1 |       ||     1
Armor: Animal skin       |    20 |     3 ||    23
Dodge: Dodged            |    42 |     8 ||    50

Table legend:
 A = Spawn XP
 B = Non-spawn XP
 C = Spawn XP percentage of total XP
 D = Spawn monster count
 E = Non-spawn monster count
 F = Spawn count percentage of total count
 G = Total turns spent on level
                    A         B        C        D         E        F      G
               +---------+---------+-------+---------+---------+-------+---------
         Total |       0 |     166 |   0.0 |       0 |      26 |   0.0 |   814
               +---------+---------+-------+---------+---------+-------+---------
           D:1 |       0 |      39 |   0.0 |       0 |      23 |   0.0 |   794
           D:4 |       0 |     127 |   0.0 |       0 |       3 |   0.0 |    16
               +---------+---------+-------+---------+---------+-------+---------
